 Dungeon Crawl Stone Soup version bcrawl-1.31.4 (webtiles) character file.

Game seed: 8362055674699108955

97260 Morbidden the Ducker (level 4, -3/28 HPs)
             Began as a Fairy Archaeologist on May 27, 2021.
             Slain by a worm (9 damage)
             ... on level 3 of the Dungeon.
             The game lasted 00:02:02 (2124 turns).

Morbidden the Ducker (Fairy Archaeologist)          Turns: 2124, Time: 00:02:03

Health: -3/28      AC:  8    Str:  9    XL:     4   Next: 0%
Magic:  0/6        EV: 17    Int: 18    God:
Gold:   116        SH:  4    Dex: 11    Spells: 3/4 levels left

rFire    . . .     SeeInvis .   a - +0 falchion
rCold    . . .     Gourm    .   (shield restricted)
rNeg     . . .     Faith    .   (armour unavailable)
rPois    .         Spirit   +   c - +2 hat
rElec    .         Reflect  .   q - scarf {Spirit}
rCorr    .         Harm     .   (no gloves)
MR       .....                  d - +1 pair of boots
Stlth    +.........             (no amulet)
HPRegen  0.09/turn              (no ring)
MPRegen  0.10/turn              (no ring)

@: flying evasively
A: small, magic attunement, unstealthy, unfitting armour, able to fly, AC/SH +4
a: Stop Flying


You were on level 3 of the Dungeon.
You were near starving.

You visited 1 branch of the dungeon, and saw 3 of its levels.

You collected 116 gold pieces.

Inventory:

Hand Weapons
 a - a +0 falchion (weapon)
 b - a +0 blowgun
Missiles
 h - 6 curare-tipped needles
Armour
 c - a +2 hat (worn)
 d - a +1 pair of boots (worn)
 q - a scarf of spirit shield (worn)
Jewellery
 k - an uncursed ring of fire
 w - an uncursed ring of protection from fire {unknown}
Wands
 v - a wand of acid (8)
Scrolls
 f - a scroll of magic mapping
 i - 6 scrolls of identify
 j - a scroll of teleportation {unknown}
 m - a scroll of fog {unknown}
 r - a scroll of remove curse {unknown}
 s - a scroll of noise {unknown}
 u - a scroll of blinking {unknown}
Potions
 l - a potion of might {unknown}
 n - 3 potions of curing {unknown}
 o - 5 potions of lignification {unknown}
 p - 3 potions of flight {unknown}
 t - a potion of magic {unknown}
 x - a potion of heal wounds {unknown}
Miscellaneous
 g - a dusty tome
Comestibles
 e - 2 rations {!d}


   Skills:
 * Level 1.1 Fighting
 * Level 1.0 Long Blades
   Level 0.7 Maces & Flails
 * Level 4.9 Dodging
 + Level 2.8 Stealth
 + Level 0.5 Unarmed Combat
 * Level 0.6 Spellcasting


You had 3 spell levels left.
You knew the following spells:

 Your Spells              Type           Power        Failure   Level  Hunger
a - Magic Dart            Conj           #...         22%         1    None

Your spell library contained the following spells:

 Spells                   Type           Power        Failure   Level  Hunger
 Blink                    Tloc           N/A          32%         2    None
 Call Imp                 Summ           #.....       32%         2    None
 Conjure Flame            Conj/Fire      #.......     54%         3    None
 Mephitic Cloud           Conj/Pois/Air  #.......     54%         3    None
 Spider Form              Tmut/Pois      #..          54%         3    None


Dungeon Overview and Level Annotations

Branches:
Dungeon (3/12)

Altars:
Ashenzari


Innate Abilities, Weirdness & Mutations

Your spells do not cause hunger and MP costs are reduced by 1.
Your bright wings attract enemies. (Stealth-)
You cannot fit into any form of body armour.
Your shimmering scales are hard and can block incoming attacks. (AC +4, SH +4)
You are small and have problems with some larger weapons.
You can fly continuously.


Message History

You hit the worm.
The worm is severely wounded.
The quokka misses you.
You hit the worm.
The worm is almost dead.
The quokka bites you but does no damage.
The worm closely misses you. The quokka closely misses you.
You hit the worm.
The worm is almost dead.
The quokka misses you. The worm barely misses you.
You hit the worm.
The worm is almost dead.
The quokka barely misses you.
You are near starving!
You barely miss the worm.
The worm is almost dead.
The quokka bites you.
* * * LOW HITPOINT WARNING * * *
The worm bites you!
You die...

### ..# #.#
#.# #.. ###
#.# ..# #w#
#.##@#
####.#r#.##.#
#....<......#
#.##.###.####
#.# .# ..# .
### .# . ..


You could see a worm and a quokka.

Vanquished Creatures
  2 worms
  A dart slug (D:2)
  3 leopard geckos
  2 orcs
  2 giant cockroaches
  7 goblins
  4 hobgoblins
  7 bats
  3 frilled lizards (D:1)
  9 kobolds
  3 rats
43 creatures vanquished.

Notes
Turn   | Place    | Note
-------+----------+-------------------------------------------
     0 | D:1      | Morbidden the Fairy Archaeologist began the quest for the
                  | Orb.
     0 | D:1      | Reached XP level 1. HP: 12/12 MP: 3/3
    57 | D:1      | Reached skill level 1 in Fighting
   193 | D:1      | Reached XP level 2. HP: 18/18 MP: 4/4
   724 | D:1      | Reached XP level 3. HP: 22/23 MP: 5/5
  1048 | D:2      | Found a faded altar of an unknown god.
  1295 | D:2      | Reached skill level 1 in Long Blades
  1750 | D:2      | Found a shattered altar of Ashenzari.
  2060 | D:2      | Learned a level 1 spell: Magic Dart
  2113 | D:3      | Reached XP level 4. HP: 21/28 MP: 3/6
  2124 | D:3      | Slain by a worm

Skill      XL: |  1  2  3 |
---------------+----------+-----
Fighting       | 1 |  1.1
Long Blades    | 1 |  1.0
Maces & Flails | |  0.7
Dodging        | |  4.9
Stealth        | |  2.8
Unarmed Combat | |  0.5
Spellcasting   | |  0.6

Action                   |  1- 3 |  4- 6 || total
-------------------------+-------+-------++-------
Melee: Unarmed           |    31 |       ||    31
       Falchion          |   171 |    12 ||   183
  Eat: Chunk             |     8 |       ||     8
Armor: Skin              |    45 |     1 ||    46
Dodge: Dodged            |   182 |    16 ||   198
Block: Other             |    39 |     2 ||    41
